 Dungeon Crawl Stone Soup version 0.31-a0-431-g88bdf31460 (webtiles) character file.

Game seed: 3289961718788431107

196 testman the Changeling (level 5, -4/46 HPs)
             Began as a Draconian Shapeshifter on July 31, 2023.
             Slain by a sleepcap (7 damage)
             ... on level 4 of the Dungeon.
             The game lasted 00:09:14 (3115 turns).

testman the Changeling (Draconian Shapeshifter)     Turns: 3115, Time: 00:09:14

Health: -4/46      AC:  5    Str: 19    XL:     5   Next: 46%
Magic:  5/5        EV: 12    Int: 14    God:
Gold:   113        SH:  0    Dex: 12    Spells: 4/4 levels left

rFire   . . .        k - +0 dagger (freeze)
rCold   . . .        (no shield)
rNeg    . . .        (body armour unavailable)
rPois   .            (helmet currently unavailable)
rElec   .            (cloak currently unavailable)
rCorr   .            (gloves currently unavailable)
SInv    .            (boots currently unavailable)
Will    .....        (no amulet)
Stlth   +            h - +6 ring of intelligence
HPRegen 0.27/turn    (no ring)
MPRegen 0.09/turn

%: no passive effects
@: beast-form
A: beast (slay +2), AC +5, unfitting armour, cold-blooded
a: Begin Untransformation


You were on level 4 of the Dungeon.
You were a hulking beast.
You visited 1 branch of the dungeon, and saw 4 of its levels.

You collected 155 gold pieces.
You spent 42 gold pieces at shops.

Inventory:

Hand Weapons
 k - a +0 dagger of freezing (weapon)
 u - a +3 whip of holy wrath
Missiles
 p - 2 poisoned darts
Armour
 e - a +2 pair of gloves
 j - a +0 pair of boots
Jewellery
 h - a +6 ring of intelligence (left hand)
 m - a ring of poison resistance
 o - a ring of willpower
Talismans
 b - a beast talisman (active)
Scrolls
 d - 2 scrolls of teleportation {unknown}
 f - 2 scrolls of vulnerability {unknown}
 g - a scroll of identify
 l - a scroll of enchant armour {unknown}
 r - a scroll of fog {unknown}
 t - a scroll of poison {unknown}
Potions
 a - a potion of lignification
 c - a potion of attraction
 i - 2 potions of resistance
 n - a potion of brilliance {unknown}
 q - a potion of invisibility
 s - a potion of magic {unknown}


   Skills:
 + Level 3.7 Fighting
 - Level 3.0 Dodging
 - Level 3.0 Unarmed Combat
 + Level 4.0 Shapeshifting


You had 4 spell levels left.
You didn't know any spells.
Your spell library contained the following spells:

 Spells                   Type           Power      Damage    Failure   Level
 Magic Dart               Conj           0%         1d3       28%         1
 Searing Ray              Conj           0%         2d4       41%         2
 Fulminant Prism          Conj/Hex       0%         3d5       96%         4


Dungeon Overview and Level Annotations

Branches:
Dungeon (4/15)
 Temple: D:4-7

Altars:
Uskayaw

Shops:
D:2 *


Innate Abilities, Weirdness & Mutations

You are a hulking beast.
Your limbs bulge with bestial killing power. (Slay +2)
Your plain brown scales are hard. (AC +5)
You cannot fit into any form of body armour.
You are cold-blooded and may be slowed by cold attacks.


Message History

The ball python bites you but does no damage.
The ball python constricts you.
You hit the ball python. You freeze the ball python.
You kill the ball python!
A sleepcap comes into view.
The goblin hits you but does no damage.
You hit the orc priest but do no damage.
The goblin closely misses you.
The orc priest hits you with a +0 dagger.
You closely miss the orc priest. The goblin barely misses you.
The orc priest hits you with a +0 dagger.
You hit the orc priest but do no damage.
The orc priest casts a cantrip, but nothing happens.
The goblin closely misses you.
You hit the orc priest. You freeze the orc priest.
The orc priest is lightly wounded.
The orc priest mumbles some strange prayers to Beogh against you.
Pain shoots through your body! The goblin hits you but does no damage.
You are too injured to fight recklessly!
You are too injured to fight recklessly!
You are too injured to fight recklessly!
Okay, then.
You barely miss the goblin. You punch the goblin.
You kill the goblin!
The orc priest calls down the wrath of Beogh upon you.
Pain shoots through your body!
* * * LOW HITPOINT WARNING * * *
You completely miss the orc priest. You tail-slap the orc priest.
The orc priest is moderately wounded.
The orc priest hits you but does no damage.
You hit the orc priest. You freeze the orc priest.
The orc priest is severely wounded.
The sleepcap completely misses you.
The orc priest invokes the aid of Beogh against you.
Pain shoots through your body!
* * * LOW HITPOINT WARNING * * *
You hit the orc priest. You freeze the orc priest.
You kill the orc priest!
The sleepcap releases spores at you!
You die...

#..)........#
#....##......
###...## #...#.
#.....###.....
#....#....#...#
###..#.......#
#...........#
##..###...###
#..# ##.h.# ##.
##f).# #
.......
#.........
#.......##
.........#
....#.#.##
....##.#[#


You could see a sleepcap.

Vanquished Creatures
  An orc priest (D:4)
  2 iguanas
  4 gnolls
  4 adders
  4 worms
  An orc (D:4)
  5 endoplasms
  4 giant cockroaches
  8 goblins
  6 hobgoblins
  6 kobolds
  A quokka (D:1)
  3 ball pythons
  5 bats
  2 frilled lizards
  8 rats
64 creatures vanquished.

Notes
Turn   | Place    | Note
-------+----------+-------------------------------------------
     0 | D:1      | testman the Draconian Shapeshifter began the quest for the
                  | Orb.
     0 | D:1      | Reached XP level 1. HP: 16/16 MP: 1/1
   277 | D:1      | Reached XP level 2. HP: 23/23 MP: 2/2
   725 | D:1      | Found a faded altar of an unknown god.
  1008 | D:2      | Reached XP level 3. HP: 29/29 MP: 3/3
  1449 | D:2      | Found Xariammo's Assorted Antiques.
  1455 | D:2      | Bought a scroll of identify for 42 gold pieces
  2003 | D:3      | Reached XP level 4. HP: 4/37 MP: 4/4
  2737 | D:3      | Found a hide-covered altar of Uskayaw.
  2770 | D:4      | Reached XP level 5. HP: 16/45 MP: 5/5
  3037 | D:4      | Reached skill level 4 in Shapeshifting
  3115 | D:4      | Slain by a sleepcap

Illustrated notes

Levels and vault maps discovered:
D:1:      kennysheep_arrival_seaside, layout_loops_ring,
          nicolae_ecumenical_lake_church
D:2:      minmay_angry_zag, layout_loops_corners, serial_shops, shop
D:3:      layout_loops_ring, nicolae_uskayaw_suspiria
D:4:      layout_cave_pools

Skill      XL: |  1  2  3  4  5 |
---------------+----------------+-----
Dodging        | 2 3 |  3.0
Fighting       | 2 3 |  3.7
Shapeshifting  | 4 |  4.0
Unarmed Combat | |  3.0

Action                     |  1- 3 |  4- 6 || total
---------------------------+-------+-------++-------
  Melee: Short sword       |    93 |       ||    93
         Tailslap          |    17 |    15 ||    32
         Dagger            |    33 |    85 ||   118
         Punch             |     1 |     1 ||     2
    Use: Scroll            |     3 |       ||     3
         Potion            |     1 |       ||     1
   Stab: Sleeping          |     2 |     1 ||     3
         Invisible         |     2 |       ||     2
 Armour: Skin              |    30 |    22 ||    52
  Dodge: Dodged            |    73 |    53 ||   126

Table legend: (Time is in decaauts)
 A = Elapsed time spent in this place.
 B = Non-inter-level travel time spent in this place.
 C = Inter-level travel time spent in this place.
 D = Time resting spent in this place.
 E = Time spent auto-exploring this place.
 F = Levels seen in this place.
 G = Mean time per level.
                   A        B        C        D        E       F      G
               +--------+--------+--------+--------+--------+-----+--------+
         Total |   3126 |   3036 |     90 |    299 |   2239 |   4 |  781.5 |
       Dungeon |   3126 |   3036 |     90 |    299 |   2239 |   4 |  781.5 |
               +--------+--------+--------+--------+--------+-----+--------+

Top non-repeatable levels by time:
     D:2: 1091 daAuts
     D:3: 988 daAuts
     D:1: 877 daAuts
     D:4: 169 daAuts
